 Dungeon Crawl Stone Soup version 0.20.0-15-g7f486f2 (webtiles) character file.

223872 spacegravy the Executioner (level 18, 0/172 HPs)
             Began as a Minotaur Berserker on June 11, 2017.
             Was the Champion of Trog.
             Slain by Ilsuiw
             ... wielding a +3 trident of freezing
              (1 damage)
             ... on level 3 of the Shoals on June 12, 2017.
             The game lasted 02:23:44 (38613 turns).

spacegravy the Executioner (Minotaur Berserker)    Turns: 38613, Time: 02:23:45

Health: 0/172      AC: 28    Str: 36    XL:     18   Next: 57%
Magic:  17/17      EV: 16    Int:  4    God:    Trog [******]
Gold:   2124       SH:  4    Dex: 10    Spells: 17/17 levels left

rFire    . . .     SeeInvis .   Z - +7 executioner's axe of Pride {chop, Str+3}
rCold    . . .     Gourm    .   (shield currently unavailable)
rNeg     . . .     Faith    .   B - +3 plate armour
rPois    .         Spirit   .   (helmet restricted)
rElec    .         Reflect  +   F - +0 cloak
rCorr    .         Harm     .   G - +2 pair of gloves {Str+3}
MR       +....                  u - +0 pair of boots {run}
Stlth    ..........             i - +4 amulet of reflection
Regen    0.4/turn               O - +1 ring of slaying
MPRegen  0.2/turn               W - ring of flight

@: very slow
A: retaliatory headbutt, horns 2
}: 1/15 runes: serpentine
a: Berserk, Trog's Hand, Brothers in Arms, Burn Spellbooks, Renounce Religion,
Evoke Flight


You were on level 3 of the Shoals.
You worshipped Trog.
Trog was exalted by your worship.
You were hungry.

You visited 5 branches of the dungeon, and saw 30 of its levels.
You also visited: Ossuary and Ice Cave.

You collected 3057 gold pieces.
You spent 933 gold pieces at shops.


Innate Abilities, Weirdness & Mutations

You reflexively headbutt those who attack you in melee.
You have a pair of horns on your head.


   Skills:
 + Level 18.1 Fighting
 + Level 22.7 Axes
 + Level 18.1 Armour
 + Level 16.9 Dodging


You had 17 spell levels left.
You didn't know any spells.

Inventory:

Hand Weapons
 D - a +2 trident of flaming
 J - a +3 antimagic executioner's axe
 Z - the +7 executioner's axe of Pride (weapon) {chop, Str+3}

   It inflicts extra damage upon your enemies.
   It affects your strength (+3).
Missiles
 I - 5 javelins of penetration (quivered)
 S - 2 throwing nets {=f}
Armour
 l - the +3 buckler "Kogaur" {rN+ Stlth+, unknown}

   It protects you from negative energy.
   It makes you more stealthy.
 u - a +0 pair of boots of running (worn)
 B - a +3 plate armour (worn)
 F - a +0 cloak (worn)
 G - a +2 pair of gloves of strength (worn)
Jewellery
 a - an uncursed ring of protection from magic
 d - an uncursed ring of poison resistance
 i - a +4 amulet of reflection (around neck)
 k - an uncursed ring of protection from fire
 A - an uncursed ring of positive energy
 C - a +2 ring of strength
 O - a +1 ring of slaying (left hand)
 W - a ring of flight (right hand)
Wands
 M - a wand of paralysis (24/24)
Scrolls
 e - 14 scrolls of identify {@r1}
 o - 6 scrolls of enchant weapon
 q - 6 scrolls of blinking
 s - 11 scrolls of remove curse
 w - 13 scrolls of teleportation {@r4}
 x - 5 scrolls of recharging
 y - 7 scrolls of fear
 z - 2 scrolls of torment {!r}
 E - 5 scrolls of immolation {!r}
 H - a scroll of fog {unknown}
 R - a scroll of magic mapping
 V - 7 scrolls of enchant armour
Potions
 g - 4 potions of agility
 h - 2 potions of cancellation
 j - 2 potions of heal wounds {@q2}
 m - 8 potions of invisibility
 n - 6 potions of ambrosia
 p - 11 potions of curing {@q1}
 r - 5 potions of lignification {!q}
 t - 5 potions of mutation {!q}
 v - 11 potions of flight
 K - 3 potions of brilliance
 L - 2 potions of magic
 P - 3 potions of might
 Q - a potion of haste {@q3}
 U - a potion of resistance
 Y - a potion of berserk rage {!q}
Comestibles
 b - 22 royal jellies
 c - 15 bread rations
 f - 2 meat rations
 N - 32 fruits

Dungeon Overview and Level Annotations

Branches:
Dungeon (15/15)              Lair (6/6) D:8          Shoals (3/4) Lair:2
  Snake (4/4) Lair:4        Slime (0/5) Lair:6          Orc (2/2) D:9
    Elf (0/3) Orc:2        Vaults (0/5) D:14         Depths (0/5) D:15
 Temple: D:4-7

Altars:
Ashenzari
Kikubaaqudgha
Makhleb
Okawaru
Ru
Sif Muna
Trog
Uskayaw
Xom
Yredelemnul
The Shining One
Beogh
Jiyva

Shops:
D:15 %   Orc:1 *   Orc:2 (([:(   Shoals:2 *   Snake:2 *:([

Annotations:
Lair:3 exclusion: oklob plant
Shoals:3 Ilsuiw

..≈..≈≈≈≈≈≈≈≈
≈....≈≈≈≈≈≈≈≈≈≈≈≈≈≈≈≈≈≈≈
≈≈...≈≈≈≈≈≈≈≈≈≈≈≈≈≈≈≈≈≈≈≈
.(....≈≈≈≈≈≈≈≈≈≈≈≈≈≈≈≈≈≈≈
(.....≈≈≈≈≈≈≈.≈≈≈≈≈≈≈≈≈≈≈
.≈....≈≈≈≈≈≈≈.▒.≈≈≈≈≈≈≈≈≈
...≈≈.≈≈≈≈≈≈≈▒▒.≈≈≈%≈≈≈≈≈
.≈.▒▒..≈≈≈≈≈≈.▒.≈≈≈≈≈≈≈≈≈
..▒▒...≈≈≈≈≈≈≈≈≈H≈≈≈≈≈≈≈≈
...▒..≈≈≈.≈≈(≈≈≈≈≈)≈≈≈≈≈≈
.......≈≈≈≈≈≈≈≈{≈)≈≈≈≈≈≈≈
.≈...).≈≈≈≈≈≈≈≈≈≈≈≈≈≈≈≈≈≈
≈≈...≈≈≈≈≈≈≈≈≈≈≈≈≈≈≈≈≈≈≈≈
≈≈...≈≈≈≈≈≈≈≈≈≈≈≈≈≈≈≈≈≈≈≈
≈≈.≈.≈≈≈≈≈≈≈≈≈≈≈≈≈≈≈≈≈≈≈≈
≈.≈≈≈≈≈≈≈≈≈≈≈≈≈≈≈≈≈≈≈≈≈≈≈
≈≈≈≈≈≈≈≈≈≈≈≈≈≈≈≈≈≈≈≈≈≈≈≈≈


There were no monsters in sight!


Message History

You block the water elemental's attack. Something hits you but does no damage.
You chop the merfolk siren into pieces!!!
You break out of your daze!
You kill the merfolk siren!
Trog accepts your kill.
Trog appreciates your killing of a magic user.
You hear a splash.
You slash the water elemental! x2
* * * LOW HITPOINT WARNING * * *
Your lungs strain for air!
The water elemental hits you. The water elemental closely misses you.
You furiously retaliate!
You headbutt the water elemental!
You destroy the water elemental!
You cut the water elemental into ribbons!!!
You destroy the water elemental!
You gasp with relief as air once again reaches your lungs.
Something hits you but does no damage.
You start resting.
You hear some strange, mumbled words.
A shard of ice appears from out of thin air!
The shard of ice hits you!
* * * LOW HITPOINT WARNING * * *
Something hits you but does no damage. x2
Things that are here:
a trident; a merfolk corpse You start resting.
Something hits you.
* * * LOW HITPOINT WARNING * * *
Something freezes you.
You die...

Action                   |  1- 3 |  4- 6 |  7- 9 | 10-12 | 13-15 | 16-18 || total
-------------------------+-------+-------+-------+-------+-------+-------++-------
Melee: Hand axe          |    67 |    91 |       |       |       |       ||   158
       Headbutt          |    13 |    28 |    54 |   109 |   161 |   200 ||   565
       War axe           |       |    28 |   261 |   128 |       |       ||   417
       Battleaxe         |       |       |       |   330 |   350 |       ||   680
       Trident           |       |       |       |    19 |    27 |       ||    46
       Executioner's axe |       |       |       |       |   382 |   921 ||  1303
Throw: Javelin           |       |       |     8 |       |     4 |     2 ||    14
       Throwing net      |       |       |       |       |     1 |       ||     1
Invok: Berserk           |     1 |     7 |     6 |    10 |    14 |    13 ||    51
       Trog's Hand       |       |     2 |     2 |     2 |     2 |     7 ||    15
       Burn Spellbooks   |       |     2 |       |     4 |     4 |       ||    10
       Brothers in Arms  |       |       |       |       |       |     3 ||     3
 Abil: Evoke Flight      |       |       |       |       |       |     1 ||     1
  Use: Scroll            |       |       |       |    17 |     3 |    14 ||    34
       Potion            |       |       |       |       |     2 |     6 ||     8
 Stab: Distracted        |       |       |       |       |     1 |       ||     1
       Petrified         |       |       |       |       |       |     2 ||     2
  Eat: Chunk             |     2 |    12 |    11 |    30 |    31 |    22 ||   108
       Meat ration       |       |       |     2 |     1 |     2 |     8 ||    13
       Bread ration      |       |       |       |       |     1 |       ||     1
Armor: Animal skin       |     3 |       |       |       |       |       ||     3
       Leather armour    |     6 |    22 |       |       |       |       ||    28
       Ring mail         |       |     7 |    34 |       |       |       ||    41
       Plate armour      |       |       |    68 |   280 |   454 |   561 ||  1363
Dodge: Dodged            |    44 |    89 |   118 |   236 |   471 |   593 ||  1551
Block: Other             |       |       |       |       |       |    36 ||    36
       Reflection        |       |       |       |       |       |     2 ||     2

Vault maps used:
D:1:      minmay_arrival_widening_spiral_wide, minmay_misc_feat_plants
D:3:      uniq_ijyb
D:4:      first_bread, uniq_edmund, uniq_robin
D:5:      kennysheep_pointless_box, hangedman_abyss_or_decor_stabs, uniq_grinder
D:6:      minitemple, minmay_temple_entry_nine_rooms
D:7:      lemuel_round_altar, enter_ossuary_1, nicolae_ru_path_of_blood,
          uniq_joseph
D:8:      kennysheep_little_box, lemuel_coloured_pillars_altar, led_sif_pool,
          dancing_weapons_uskayaw, grunt_lair_entry_orc_guard_hut,
          grunt_decor_mini_mirrors
D:9:      erik_orc_1
D:12:     basic_altar, eino_jars
D:13:     basic_altar, hangedman_ranch
D:14:     david_vaults_3, infiniplex_staircase_pillars_2, lemuel_hellish_altar
D:15:     grunt_enter_depths_magical_seal, serial_shops, nicolae_shop_waterfront
Lair:1:   special_room, lemuel_fruit_tree, uniq_harold
Lair:2:   elwin_shoals_entry_rooms, lab_entry_generic, grunt_megastairs_2,
          uniq_urug
Lair:3:   st_stairs_7, grunt_megastairs_3, serial_bayou_shore_b,
          minmay_lair_oklob_chamber
Lair:4:   minmay_snake_entry_spellcaster, portal_ice_cave_entry_pillars_1,
          nicolae_volcano_entry_hallway, minmay_lindwurm_lava
Lair:6:   grunt_lair_end_beastmaster, slime_altar_1, grunt_megastairs_5,
          infiniplex_staircase_pool
Shoals:2: nicolae_island_escapes
Shoals:3: uniq_ilsuiw, uniq_polyphemus
Snake:1:  uniq_aizul
Snake:2:  grunt_megastairs_1, minmay_shoptagon, serial_bayou_shore_a,
          uniq_vashnia
Snake:4:  snake_pit, basic_altar, basic_stair_grate_trap, uniq_nikola,
          uniq_jorgrun
Orc:1:    serial_shops, shop, basic_altar, bloody_makhleb
Orc:2:    st_orc_town, serial_shops, nicolae_shop_trees
Ossuary:  ossuary_tomb_2
IceCv:    ice_cave_caverns_03

Notes
Turn   | Place    | Note
-------+----------+-------------------------------------------
     0 | D:1      | spacegravy the Minotaur Berserker began the quest for the Orb.
     0 | D:1      | Reached XP level 1. HP: 19/19 MP: 0/0
   123 | D:1      | Reached skill level 4 in Axes
   123 | D:1      | Reached XP level 2. HP: 19/27 MP: 1/1
   398 | D:1      | Reached ** piety under Trog
   405 | D:1      | Reached skill level 4 in Fighting
   706 | D:1      | Reached XP level 3. HP: 33/33 MP: 2/2
  1383 | D:2      | Reached XP level 4. HP: 35/40 MP: 3/3
  1404 | D:2      | Reached skill level 3 in Dodging
  1584 | D:2      | Reached skill level 3 in Armour
  1817 | D:3      | Reached skill level 5 in Axes
  1833 | D:3      | Noticed Ijyb
  1843 | D:3      | Killed Ijyb
  1843 | D:3      | Reached *** piety under Trog
  1843 | D:3      | Reached XP level 5. HP: 31/46 MP: 4/4
  2428 | D:4      | Noticed Robin
  2441 | D:4      | Killed Robin
  2441 | D:4      | Reached skill level 4 in Dodging
  2777 | D:4      | Noticed Dris's ghost (amateur OgBe)
  2789 | D:4      | Killed Dris's ghost
  2789 | D:4      | Reached skill level 6 in Axes
  2789 | D:4      | Reached skill level 4 in Armour
  2789 | D:4      | Reached XP level 6. HP: 55/55 MP: 5/5
  2797 | D:4      | Reached skill level 5 in Fighting
  2991 | D:4      | Noticed Edmund
  3001 | D:4      | Killed Edmund
  3001 | D:4      | Reached skill level 7 in Axes
  3001 | D:4      | Reached XP level 7. HP: 61/61 MP: 4/6
  3101 | D:5      | Entered Level 5 of the Dungeon
  3319 | D:5      | Reached skill level 5 in Dodging
  3352 | D:5      | Reached **** piety under Trog
  3367 | D:5      | Reached skill level 5 in Armour
  3556 | D:5      | Reached skill level 8 in Axes
  3556 | D:5      | Reached XP level 8. HP: 62/70 MP: 5/7
  3616 | D:5      | Noticed Grinder
  3626 | D:5      | Killed Grinder
  3626 | D:5      | Reached skill level 6 in Fighting
  4087 | D:6      | Reached skill level 9 in Axes
  4087 | D:6      | Reached skill level 6 in Dodging
  4273 | D:6      | Reached skill level 6 in Armour
  4439 | D:6      | Received a gift from Trog
  4509 | D:6      | Found a bloodstained altar of Trog.
  4510 | D:6      | Found an iron altar of Okawaru.
  4517 | D:6      | Found a shimmering altar of Xom.
  4518 | D:6      | Found a glowing golden altar of the Shining One.
  4586 | D:6      | Reached skill level 7 in Fighting
  4886 | D:7      | Reached XP level 9. HP: 79/79 MP: 8/8
  4956 | D:7      | Found a sand-covered staircase.
  4968 | Ossuary  | Entered an ossuary
  5137 | Ossuary  | Reached skill level 10 in Axes
  5331 | D:7      | Reached skill level 7 in Dodging
  5366 | D:7      | Reached skill level 7 in Armour
  5374 | D:7      | Reached ***** piety under Trog
  5411 | D:7      | Found a sacrificial altar of Ru.
  5524 | D:7      | Found an ancient bone altar of Kikubaaqudgha.
  5593 | D:7      | Noticed Joseph
  5614 | D:7      | Killed Joseph
  6000 | D:8      | Noticed a dagger
  6003 | D:8      | Noticed a dagger
  6029 | D:8      | Noticed a two-headed ogre
  6036 | D:8      | Killed a two-headed ogre
  6036 | D:8      | Reached skill level 8 in Fighting
  6036 | D:8      | Reached skill level 11 in Axes
  6102 | D:8      | Found a deep blue altar of Sif Muna.
  6200 | D:8      | Reached XP level 10. HP: 74/89 MP: 6/9
  6212 | D:8      | Reached skill level 8 in Armour
  6412 | D:8      | Found a basalt altar of Yredelemnul.
  6707 | D:8      | Found a hide-covered altar of Uskayaw.
  6953 | D:8      | Found a burning altar of Makhleb.
  7054 | D:8      | Found a staircase to the Lair.
  7234 | D:9      | Reached skill level 8 in Dodging
  7491 | D:9      | Noticed a two-headed ogre
  7505 | D:9      | Killed a two-headed ogre
  7505 | D:9      | Reached skill level 9 in Fighting
  7505 | D:9      | Reached skill level 12 in Axes
  8153 | D:9      | Received a gift from Trog
  8155 | D:9      | Found a staircase to the Orcish Mines.
  8401 | D:9      | Noticed a two-headed ogre
  8410 | D:9      | Killed a two-headed ogre
  8410 | D:9      | Reached skill level 9 in Armour
  8566 | D:10     | Entered Level 10 of the Dungeon
  8603 | D:10     | Noticed a gargoyle
  8611 | D:10     | Killed a gargoyle
  8611 | D:10     | Reached skill level 13 in Axes
  8785 | D:10     | Noticed a white ugly thing
  8793 | D:10     | Killed a white ugly thing
  8793 | D:10     | Reached skill level 9 in Dodging
  8793 | D:10     | Reached XP level 11. HP: 47/97 MP: 4/10
  9136 | D:10     | Killed an unseen horror
  9711 | D:11     | Reached skill level 10 in Fighting
  9743 | D:11     | Noticed a brown ugly thing
  9751 | D:11     | Killed a brown ugly thing
  9955 | D:11     | Received a gift from Trog
 10198 | D:12     | Reached skill level 14 in Axes
 10204 | D:12     | Reached skill level 10 in Armour
 10819 | D:12     | Reached skill level 10 in Dodging
 11061 | D:12     | Killed an unseen horror
 11061 | D:12     | Reached XP level 12. HP: 105/108 MP: 11/11
 11139 | D:12     | Found a deep blue altar of Sif Muna.
 11287 | Lair:1   | Entered Level 1 of the Lair of Beasts
 11433 | Lair:1   | Noticed Harold
 11441 | Lair:1   | Killed Harold
 11441 | Lair:1   | Reached skill level 15 in Axes
 11601 | Lair:1   | Reached skill level 11 in Fighting
 12058 | Lair:2   | Found a labyrinth entrance.
 12186 | Lair:2   | Noticed a six-headed hydra
 12188 | Lair:2   | Noticed Urug
 12190 | Lair:2   | Noticed a six-headed hydra
 12588 | Lair:1   | Killed a six-headed hydra
 12588 | Lair:1   | Reached skill level 11 in Armour
 12673 | Lair:2   | Killed Urug
 13180 | Lair:2   | Found a staircase to the Shoals.
 13246 | Lair:2   | Killed a six-headed hydra
 13763 | Lair:3   | Reached skill level 16 in Axes
 13763 | Lair:3   | Reached skill level 11 in Dodging
 13899 | Lair:3   | Noticed a four-headed hydra
 13907 | Lair:3   | Killed a four-headed hydra
 14259 | Lair:4   | Found a dark tunnel.
 14272 | Lair:4   | Found a staircase to the Snake Pit.
 14602 | Lair:4   | Noticed an eight-headed hydra
 14609 | Lair:4   | Killed an eight-headed hydra
 14795 | Lair:4   | Found a frozen archway.
 14813 | IceCv    | Entered an ice cave
 14827 | IceCv    | Reached XP level 13. HP: 114/117 MP: 10/12
 14962 | IceCv    | Reached skill level 12 in Fighting
 14996 | IceCv    | Reached ****** piety under Trog
 15170 | IceCv    | Reached skill level 12 in Armour
 15351 | IceCv    | Noticed a frost giant
 15355 | IceCv    | Received a gift from Trog
 15377 | IceCv    | Killed a frost giant
 15377 | IceCv    | Reached skill level 17 in Axes
 16642 | Lair:5   | Reached skill level 12 in Dodging
 17214 | Lair:6   | Entered Level 6 of the Lair of Beasts
 17222 | Lair:6   | Reached skill level 13 in Fighting
 17350 | Lair:6   | Reached skill level 13 in Armour
 17350 | Lair:6   | Reached XP level 14. HP: 56/129 MP: 6/13
 17584 | Lair:6   | Reached skill level 18 in Axes
 17945 | Lair:6   | Received a gift from Trog
 18312 | Lair:6   | Found a staircase to the Slime Pits.
 18312 | Lair:6   | Found a viscous altar of Jiyva.
 18457 | Lair:6   | Reached skill level 13 in Dodging
 18544 | Lair:6   | Received a gift from Trog
 18553 | Lair:6   | Got a bloodstained executioner's axe {god gift}
 18558 | Lair:6   | Identified the +7 executioner's axe of Pride {chop, Str+3} (Trog gifted it to you on level 6 of the Lair of Beasts)
 19390 | D:13     | Noticed PeterMcNeter's ghost (adept GrFi)
 19399 | D:13     | Reached skill level 14 in Fighting
 19399 | D:13     | Reached skill level 14 in Armour
 19407 | D:13     | Killed PeterMcNeter's ghost
 19407 | D:13     | Reached skill level 19 in Axes
 19500 | D:13     | Found a shattered altar of Ashenzari.
 19963 | D:13     | Reached XP level 15. HP: 138/138 MP: 14/14
 20017 | D:13     | You fall through a shaft!
 20066 | D:14     | Noticed Nessos
 20124 | D:14     | Found a gate to the Vaults.
 20952 | D:14     | Found a burning altar of Makhleb.
 21116 | D:14     | Killed Nessos
 21116 | D:14     | Received a gift from Trog
 21990 | D:15     | Entered Level 15 of the Dungeon
 22529 | D:15     | Reached skill level 20 in Axes
 22978 | D:15     | Reached skill level 14 in Dodging
 22995 | D:15     | Found a staircase to the Depths.
 23020 | D:15     | Found Ysinavy's Food Emporium.
 23028 | D:15     | Bought a bread ration for 70 gold pieces
 23129 | D:15     | Reached skill level 15 in Armour
 23132 | D:15     | Received a gift from Trog
 23132 | D:15     | Reached skill level 15 in Fighting
 23800 | Orc:1    | Entered Level 1 of the Orcish Mines
 23896 | Orc:1    | Reached XP level 16. HP: 143/149 MP: 15/15
 24051 | Orc:1    | Found a roughly hewn altar of Beogh.
 24065 | Orc:1    | Found a burning altar of Makhleb.
 24091 | Orc:1    | Found Etogrom's Assorted Antiques.
 24100 | Orc:1    | Bought a potion of curing for 69 gold pieces
 24211 | Orc:2    | Entered Level 2 of the Orcish Mines
 24367 | Orc:2    | Received a gift from Trog
 24806 | Orc:2    | Found Fotocw's Armour Emporium.
 24806 | Orc:2    | Found Zuci Keo's Book Shop.
 24834 | Orc:2    | Bought a +2 pair of gloves of strength for 322 gold pieces
 24854 | Orc:2    | Found a roughly hewn altar of Beogh.
 24899 | Orc:2    | Found Ylla's Antique Weapon Shop.
 24936 | Orc:2    | Found Sunyla's Antique Weapon Emporium.
 24947 | Orc:2    | Paralysed by an orc sorcerer for 2 turns
 25165 | Orc:2    | Found a staircase to the Elven Halls.
 25361 | Orc:2    | Found Vaumn's Weapon Shop.
 25682 | Snake:1  | Entered Level 1 of the Snake Pit
 25925 | Snake:1  | Noticed Aizul
 25997 | Snake:1  | Received a gift from Trog
 26188 | Snake:1  | Reached skill level 21 in Axes
 26436 | Snake:1  | Killed Aizul
 26585 | Snake:2  | Found Fiatyfam's Armour Boutique.
 26585 | Snake:2  | Found Koaroih's Assorted Antiques.
 26587 | Snake:2  | Found Ciucruu's Antique Weapon Boutique.
 26590 | Snake:2  | Found Ryhoab's Book Shop.
 26595 | Snake:2  | Bought a +0 pair of boots of running for 472 gold pieces
 27058 | Snake:2  | Noticed Vashnia
 27068 | Snake:2  | Killed Vashnia
 27550 | Snake:2  | Received a gift from Trog
 27580 | Snake:2  | Reached skill level 16 in Armour
 27831 | Snake:2  | Reached skill level 15 in Dodging
 27965 | Snake:2  | Reached skill level 16 in Fighting
 29370 | Snake:3  | Reached XP level 17. HP: 157/158 MP: 16/16
 30204 | Snake:3  | Received a gift from Trog
 31283 | Snake:4  | Entered Level 4 of the Snake Pit
 31661 | Snake:4  | Found an iron altar of Okawaru.
 31749 | Snake:4  | Reached skill level 17 in Armour
 32615 | Snake:3  | Reached skill level 17 in Fighting
 33031 | Snake:4  | Reached skill level 22 in Axes
 33064 | Snake:4  | Received a gift from Trog
 33137 | Snake:4  | Reached skill level 16 in Dodging
 33142 | Snake:4  | Noticed Jorgrun
 33155 | Snake:4  | Killed Jorgrun
 33909 | Snake:4  | Noticed Nikola
 34392 | Snake:4  | Reached XP level 18. HP: 159/170 MP: 17/17
 34493 | Snake:4  | Killed Nikola
 34753 | Snake:4  | Got a serpentine rune of Zot
 35110 | Shoals:1 | Entered Level 1 of the Shoals
 35274 | Shoals:1 | Received a gift from Trog
 35587 | Shoals:1 | Noticed PeterMcNeter's ghost (adept SpEn)
 35617 | Shoals:1 | Killed PeterMcNeter's ghost
 36307 | Shoals:2 | Found Vuipatt's Island Escapes.
 36575 | Shoals:2 | Identified a scroll of acquirement
 36576 | Shoals:2 | Got a translucent buckler
 37331 | Shoals:3 | Noticed Polyphemus
 37355 | Shoals:2 | Reached skill level 18 in Fighting
 37788 | Shoals:3 | Received a gift from Trog
 37796 | Shoals:3 | Reached skill level 18 in Armour
 37802 | Shoals:3 | Killed Polyphemus
 38580 | Shoals:3 | Noticed Ilsuiw
 38610 | Shoals:3 | HP: 1/172 [something/shard of ice (37)]
 38613 | Shoals:3 | Slain by Ilsuiw

Vanquished Creatures
  Vashnia (Snake:2)
  Nikola (Snake:4)
  Jorgrun (Snake:4)
  13 nagarajas
  A frost giant (IceCv)
  The ghost of PeterMcNeter the Bludgeoner, an adept GrFi of Okawaru (D:13)
  Aizul (Snake:1)
  The ghost of PeterMcNeter the Bewitcher, an adept SpEn of Dithmenos (Shoals:1)
  A stone giant (Orc:2)
  Nessos (D:14)
  3 merfolk impalers (Shoals:3)
  A yaktaur captain (D:14)
  Harold (Lair:1)
  14 naga warriors
  2 catoblepae
  9 hydras
  2 centaur warriors
  8 anacondas
  2 merfolk aquamancers (Shoals:1)
  20 two-headed ogres
  A satyr (Shoals:3)
  3 ogre magi (D:15)
  A tengu warrior (D:14)
  A deep troll shaman (Lair:6)
  17 death yaks
  16 naga sharpshooters
  Urug (Lair:2)
  6 shock serpents
  3 salamander mystics
  12 sea snakes
  3 unseen horrors
  13 naga ritualists
  A lindwurm (Lair:6)
  A necromancer (D:15)
  6 mana vipers
  3 deep elf magi (D:15)
  A wolf spider zombie (D:11)
  8 orc sorcerers
  5 harpies (Shoals:2)
  4 orc knights
  5 fauns
  13 ugly things
  5 cyclopes
  12 salamanders
  7 manticores
  4 merfolk sirens
  11 elephants
  An eye of devastation (Lair:6)
  32 naga magi
  2 water nymphs
  Joseph (D:7)
  13 spiny frogs
  4 guardian serpents
  An ice statue (IceCv)
  31 black mambas
  4 rime drakes
  4 gargoyles
  A kobold demonologist (D:14)
  A redback zombie (D:15)
  An efreet (D:15)
  6 komodo dragons
  2 wind drakes
  13 polar bears
  7 trolls
  18 merfolk
  5 meliai
  A harpy zombie (D:14)
  15 dream sheep
  2 hornets
  10 slime creatures
  24 blink frogs
  Grinder (D:5)
  4 snapping turtles
  10 hippogriffs
  The ghost of Dris the Skirmisher, an amateur OgBe of Trog (D:4)
  3 shadows
  2 centaur simulacra
  55 yaks
  5 water elementals (Shoals:1)
  5 wyverns
  14 humans
  3 wraiths
  A hog (shapeshifter) (D:15)
  2 hungry ghosts
  2 basilisks
  A steam dragon (D:9)
  6 vampire mosquitoes
  Edmund (D:4)
  A soldier ant (D:12)
  5 wargs
  39 nagas
  8 water moccasins
  9 porcupines
  2 sky beasts
  2 hornet zombies (D:15)
  4 black bears
  20 orc warriors
  A swamp drake (D:9)
  15 wolves
  An eye of draining (D:12)
  A phantom (D:13)
  12 ogres
  2 centaurs (D:10)
  8 crocodiles
  3 big kobolds (D:13)
  A gnoll sergeant (D:8)
  22 bullfrogs
  8 scorpions
  5 water moccasin zombies (Ossuary)
  7 killer bees (D:12)
  11 wights
  5 howler monkeys
  An electric eel (Lair:2)
  2 bullfrog zombies
  7 crimson imps
  A quasit (D:5)
  3 centaur zombies
  A gnoll shaman (Orc:1)
  4 jellies
  15 orc priests
  5 hounds
  2 bullfrog skeletons
  8 centaur skeletons
  3 iguanas
  Ijyb (D:3)
  51 orc wizards
  12 worker ants
  3 big kobold zombies (Ossuary)
  A hound skeleton (D:7)
  2 mummies (Ossuary)
  A howler monkey zombie (D:8)
  A worker ant zombie (D:11)
  Robin (D:4)
  9 gnolls
  9 adders
  3 shadow imps
  An adder skeleton (D:5)
  3 adder zombies (Ossuary)
  3 worms (D:2)
  2 dart slugs (D:1)
  2 leopard geckos
  107 orcs
  4 ball pythons
  5 giant cockroaches
  2 gnoll zombies (Ossuary)
  12 goblins
  13 hobgoblins
  15 jackals
  2 quokkas
  7 bats
  5 frilled lizards
  3 hobgoblin zombies (Ossuary)
  13 kobolds
  4 kobold zombies (Ossuary)
  2 leopard gecko skeletons
  8 orc zombies (Ossuary)
  A quokka skeleton (D:4)
  8 rats
  9 fungi
  20 plants
1151 creatures vanquished.

Vanquished Creatures (collateral kills)
  Polyphemus (Shoals:3)
  A death yak (Shoals:2)
2 creatures vanquished.

Vanquished Creatures (others)
  2 humans (D:14)
  A centaur (Shoals:1)
  A wolf (IceCv)
  An orc wizard (Orc:2)
  6 fungi (Lair:6)
  14 plants
25 creatures vanquished.

Grand Total: 1178 creatures vanquished
